 Dungeon Crawl Stone Soup version 0.30-a0-986-g7f2e898f52 (webtiles) character file.

Game seed: 13009850098876501543

1307 sanka the Fighter (level 8, 0/132 HPs)
             Began as an Ogre Berserker on Apr 1, 2023.
             Was a Priest of Trog.
             Slain by a killer bee (8 damage)
             ... on level 7 of the Dungeon.
             The game lasted 00:08:18 (6796 turns).

sanka the Fighter (Ogre Berserker)                  Turns: 6796, Time: 00:08:19

Health: 0/132      AC:  3    Str: 24    XL:     8   Next: 57%
Magic:  8/8        EV: 10    Int:  8    God:    Trog [***...]
Gold:   459        SH:  5    Dex:  8    Spells: 7/7 levels left

rFire   . . .      SeeInvis .    a - +0 flail
rCold   + . .      Faith    .    (no shield)
rNeg    . . .      Spirit   .    b - +0 animal skin
rPois   .          Reflect  +    (helmet restricted)
rElec   .          Rampage  .    (no cloak)
rCorr   .                        (gloves unavailable)
Will    +++..                    (boots unavailable) Stlth
                                 p - amulet of reflection
HPRegen 1.42/turn                D - ring of willpower
MPRegen 0.11/turn                e - ring of protection from cold

@: berserking (expiring), lethally poisoned (0 -> -6), strong-willed (expiring),
regenerating (expiring), very quick
A: large, unfitting armour, tough skin 1
a: Renounce Religion, Berserk, Trog's Hand


You were on level 7 of the Dungeon.
You worshipped Trog.
Trog was most pleased with you.
You visited 2 branches of the dungeon, and saw 8 of its levels.

You collected 459 gold pieces.


Innate Abilities, Weirdness & Mutations

You are too large for most types of armour.
You have tough skin. (AC +1)


   Skills:
 + Level 8.3 Fighting
 * Level 8.3 Maces & Flails
 - Level 2.6 Dodging


You had 7 spell levels left.
You didn't know any spells.
Your spell library was empty.

Inventory:

Hand Weapons
 a - a +0 flail (weapon)
Missiles
 t - 2 throwing nets {=f}
Armour
 b - a +0 animal skin (worn)
Jewellery
 e - a ring of protection from cold (right hand)
 j - a ring of ice
 n - a ring of fire
 p - an amulet of reflection (around neck)
 D - a ring of willpower (left hand)
Scrolls
 c - 5 scrolls of identify {unknown}
 d - a scroll of enchant weapon {unknown}
 g - 3 scrolls of enchant armour {unknown}
 k - 2 scrolls of teleportation {unknown}
 l - 2 scrolls of summoning {unknown}
 m - 2 scrolls of immolation {unknown}
 o - a scroll of vulnerability {unknown}
 u - a scroll of amnesia {unknown}
 x - a scroll of magic mapping {unknown}
 y - a scroll of brand weapon {unknown}
 B - a scroll of fog {unknown}
 C - a scroll of silence {unknown}
Potions
 f - 3 potions of brilliance {unknown}
 h - 3 potions of mutation {unknown}
 i - a potion of invisibility {unknown}
 q - 4 potions of curing {unknown}
 r - 3 potions of might {unknown}
 s - 2 potions of flight {unknown}
 v - a potion of attraction {unknown}
 w - 2 potions of haste {unknown}
 z - a potion of lignification {unknown}
 A - 2 potions of degeneration {unknown}
 E - a potion of cancellation {unknown}

Dungeon Overview and Level Annotations

Branches:
Dungeon (7/15)             Temple (1/1) D:5

Altars:
Dithmenos
Elyvilon
Fedhas
Gozag
Kikubaaqudgha
Makhleb
Nemelex Xobeh
Okawaru
Ru
Sif Muna
Trog
Uskayaw
Wu Jian
Xom
Zin

▒.▒▒▒▒... ▒ .▒▒.=.▒
▒▒▒......▒ . .▒.....
▒.......▒▒ ▒.
.....▒▒..▒▒▒▒▒.▒..▒▒.▒
.▒▒.▒▒....▒
▒......†........
..........▒
▒▒▒▒▒.▒....▒▒.▒..
........▒.▒
▒▒▒▒.▒..▒▒▒ ▒ ▒
..y....y▒.▒▒▒▒......▒▒
▒▒.▒...Oy..▒▒▒.▒
▒.....▒▒y▒▒▒ ..▒
▒.......y▒ .▒▒
▒.[..▒.▒▒▒ . ▒......▒
▒....▒▒▒ ▒▒...▒ ▒..▒▒
▒..▒


You could see 3 killer bees.


Message History

Unknown command.
You miss the killer bee.
You feel sick. The killer bee misses you. The killer bee stings you.
* * * LOW HITPOINT WARNING * * *
The killer bee stings you.
* * * LOW HITPOINT WARNING * * *
You are more poisoned.
The killer bee poisons you! The killer bee stings you.
* * * LOW HITPOINT WARNING * * *
The killer bee barely misses you. The killer bee barely misses you.
You hit the killer bee.
The killer bee is lightly wounded.
You feel very sick. The killer bee closely misses you.
The killer bee stings you.
* * * LOW HITPOINT WARNING * * *
The killer bee barely misses you.
Unknown command.
You thump the killer bee!
You kill the killer bee!
Trog accepts your kill.
You feel very sick. The killer bee stings you!
* * * LOW HITPOINT WARNING * * *
The killer bee stings you!
You die...

Action                     |  1- 3 |  4- 6 |  7- 9 || total
---------------------------+-------+-------+-------++-------
  Melee: Mace              |    88 |   240 |    48 ||   376
         Punch             |       |     1 |     1 ||     2
         Flail             |       |       |    90 ||    90
 Invoke: Berserk           |       |     2 |     3 ||     5
         Trog's Hand       |       |       |     1 ||     1
   Stab: Sleeping          |     1 |       |       ||     1
         Distracted        |     1 |       |       ||     1
 Armour: Animal skin       |    29 |    71 |    23 ||   123
  Dodge: Dodged            |    62 |   127 |    86 ||   275
  Block: Other             |       |    33 |    36 ||    69

Levels and vault maps discovered:
D:1:      minmay_arrival_jagged, layout_loops_corners,
          shapermc_ecumenical_altar_totnotflames, minmay_misc_feat_tiny
D:2:      layout_basic, uniq_jessica
D:3:      layout_loops_corners, uniq_robin
D:4:      layout_gridville, amcnicky_altar_gilded
D:5:      layout_loops_ring, jmf_multi_god_temple2, minmay_temple_entry_slanted,
          hangedman_minor_gate_pass
D:6:      layout_rooms, nicolae_fountain_basement
D:7:      layout_rooms, mainiacjoe_overflow_small_starburst,
          gammafunk_ghost_berserking_beasts
Temple:   lightli_temple_of_artemis

Notes
Turn   | Place    | Note
-------+----------+-------------------------------------------
     0 | D:1      | sanka the Ogre Berserker began the quest for the Orb.
     0 | D:1      | Reached XP level 1. HP: 24/24 MP: 1/1
   172 | D:1      | Reached skill level 3 in Maces & Flails
   293 | D:1      | Reached XP level 2. HP: 32/32 MP: 2/2
   376 | D:1      | Found a faded altar of an unknown god.
  1167 | D:2      | Reached XP level 3. HP: 30/39 MP: 3/3
  1310 | D:2      | Noticed Jessica
  1331 | D:2      | Killed Jessica
  1332 | D:2      | Reached skill level 4 in Maces & Flails
  1657 | D:2      | Reached ** piety under Trog
  1751 | D:2      | Reached XP level 4. HP: 48/48 MP: 4/4
  2028 | D:3      | Noticed Robin
  2141 | D:3      | Killed Robin
  3192 | D:4      | Reached XP level 5. HP: 39/55 MP: 5/5
  3196 | D:4      | Reached skill level 5 in Fighting
  3198 | D:4      | Reached skill level 5 in Maces & Flails
  3385 | D:4      | Found an opulent altar of Gozag.
  3745 | D:4      | Reached XP level 6. HP: 66/66 MP: 6/6
  3761 | D:4      | Reached *** piety under Trog
  3802 | D:4      | Noticed a black bear
  3811 | D:4      | Killed a black bear
  4264 | D:5      | Entered Level 5 of the Dungeon
  4375 | D:5      | Found a staircase to the Ecumenical Temple.
  4543 | D:5      | Reached skill level 6 in Fighting
  4543 | D:5      | Reached skill level 6 in Maces & Flails
  4712 | D:5      | Reached XP level 7. HP: 72/75 MP: 7/7
  5139 | D:5      | Found a large runed translucent door.
  5140 | D:5      | Found a large runed translucent door.
  5380 | D:5      | Found a shimmering altar of Xom.
  5405 | D:5      | Found a bloodstained altar of Trog.
  5449 | Temple   | Entered the Ecumenical Temple
  5794 | D:6      | Noticed a steam dragon
  5812 | D:6      | Killed a steam dragon
  5813 | D:6      | Reached skill level 7 in Fighting
  5813 | D:6      | Reached skill level 7 in Maces & Flails
  5851 | D:6      | Reached XP level 8. HP: 31/87 MP: 8/8
  6516 | D:6      | Reached skill level 8 in Fighting
  6516 | D:6      | Reached skill level 8 in Maces & Flails
  6796 | D:7      | HP: 8/132 [killer bee (7)]
  6796 | D:7      | Slain by a killer bee

Vanquished Creatures
  A steam dragon (D:6)
  An ice beast (D:6)
  2 black bears
  A phantom (D:6)
  A bullfrog (D:6)
  2 scorpions (D:6)
  2 killer bees (D:7)
  4 hounds
  2 jellies
  2 gnoll boudas
  Jessica (D:2)
  2 sleepcaps (D:5)
  2 iguanas
  An orc wizard (D:5)
  Robin (D:3)
  7 gnolls
  4 adders
  A shadow imp (D:5)
  An ufetubus (D:6)
  A worm (D:3)
  2 dart slugs
  7 orcs
  3 endoplasms
  A giant cockroach (D:3)
  9 goblins
  12 hobgoblins
  5 jackals (D:3)
  9 kobolds
  3 quokkas
  6 ball pythons
  4 bats
  3 frilled lizards
  3 rats
106 creatures vanquished.
